 Dungeon Crawl Stone Soup version 0.29-a0-393-g47a863cc1b (webtiles) character file.

Game seed: 17814625442650259826

3017 HendSelp the Basher (level 10, 0/70 HPs)
             Began as a Human Monk on May 9, 2022.
             Was a Believer of Uskayaw.
             Slain by a two-headed ogre
             ... wielding a +0 giant spiked club
              (8 damage)
             ... on level 7 of the Dungeon.
             The game lasted 00:09:43 (8967 turns).

HendSelp the Basher (Human Monk)                    Turns: 8967, Time: 00:09:44

Health: 0/70       AC: 17    Str: 15    XL:     10   Next: 10%
Magic:  10/10      EV: 12    Int: 11    God:    Uskayaw [**....]
Gold:   512        SH:  0    Dex: 16    Spells: 9/9 levels left

rFire   . . .      SeeInvis .   t - +5 dire flail (freeze)
rCold   . . .      Faith    .   (shield currently unavailable)
rNeg    . . .      Spirit   .   l - +3 ring mail {Will+}
rPois   .          Reflect  .   f - +0 helmet
rElec   .          Harm     .   (no cloak)
rCorr   .          Rampage  .   A - +0 pair of gloves
Will    +....                   n - +0 pair of boots
Stlth   +.........              x - amulet of the acrobat
HPRegen 0.21/turn               a - +4 ring of protection
MPRegen 0.12/turn               q - ring of wizardry

@: no status effects
A: no striking features
a: Renounce Religion, Stomp, Line Pass


You were on level 7 of the Dungeon.
You worshipped Uskayaw.
Uskayaw was noncommittal.
You visited 2 branches of the dungeon, and saw 9 of its levels.

You collected 512 gold pieces.

Inventory:

Hand Weapons
 t - a +5 dire flail of freezing (weapon)
Armour
 f - a +0 helmet (worn)
 l - a +3 ring mail of willpower (worn)
 n - a +0 pair of boots (worn)
 A - a +0 pair of gloves (worn)
Jewellery
 a - a +4 ring of protection (left hand)
 q - a ring of wizardry (right hand)
 x - an amulet of the acrobat (around neck)
 C - an amulet of regeneration
Wands
 d - a wand of flame (17)
 o - a wand of digging (12)
 z - a wand of paralysis (3)
 B - a wand of iceblast (6)
Scrolls
 g - a scroll of enchant armour {unknown}
 p - a scroll of summoning
 r - a scroll of immolation
 s - a scroll of fog
 y - a scroll of teleportation
Potions
 b - 2 potions of flight
 c - 2 potions of ambrosia
 e - a potion of brilliance {unknown}
 h - 4 potions of heal wounds
 i - a potion of might {unknown}
 j - a potion of lignification {unknown}
 k - 3 potions of cancellation
 m - 2 potions of magic {unknown}
 v - a potion of invisibility {unknown}
 w - a potion of curing


   Skills:
 - Level 3.0 Fighting
 + Level 12.1 Maces & Flails
 + Level 6.2 Armour
 - Level 3.0 Dodging
 - Level 2.0 Stealth


You had 9 spell levels left.
You didn't know any spells.
Your spell library contained the following spells:

 Spells                   Type           Power      Damage    Failure   Level
 Beastly Appendage        Tmut           0%         N/A       26%         1
 Slow                     Hex            0%         N/A       26%         1
 Static Discharge         Conj/Air       0%         N/A       34%         2
 Wereblood                Tmut           0%         N/A       34%         2
 Confusing Touch          Hex            0%         N/A       56%         3
 Spider Form              Tmut/Pois      0%         N/A       56%         3
 Vampiric Draining        Necr           0%         2d6       56%         3
 Dispel Undead            Necr           0%         3d6       91%         4
 Sticky Flame             Conj/Fire      0%         2d3       91%         4
 Chain Lightning          Conj/Air       0%         N/A       100%        9
 Fire Storm               Conj/Fire      0%         5d1       100%        9
 Shatter                  Erth           0%         3d5*      100%        9


Dungeon Overview and Level Annotations

Branches:
Dungeon (8/15)             Temple (1/1) D:5
   Lair: D:8-11

Altars:
Ashenzari
Cheibriados
Dithmenos
Elyvilon
Fedhas
Gozag
Hepliaklqana
Kikubaaqudgha
Makhleb
Nemelex Xobeh
Okawaru
Qazlal
Ru
Sif Muna
Trog
Uskayaw
Vehumet
Wu Jian
Xom
Yredelemnul
Zin
The Shining One

Shops:
D:1 (


Message History

A two-headed ogre comes into view.
It is wielding a +0 giant spiked club and a +0 giant club.
A two-headed ogre is nearby!
A two-headed ogre is nearby!
Unknown command.
A two-headed ogre is nearby!
You enter the shallow water.
Moving in this stuff is going to be slow.
Found a book of Blasting.
A two-headed ogre is nearby!
The two-headed ogre completely misses you.
The two-headed ogre barely misses you.
Unknown command.
Throw: throwing net
Press: ? - help, Q - select action, (/) - cycle Shift-Dir - straight line, f - two-headed ogre
Aim: a two-headed ogre, wielding a +0 giant spiked club and a +0 giant club (75% to hit)
You throw a throwing net.
The throwing net barely misses the two-headed ogre.
The two-headed ogre hits you with a +0 giant spiked club.
The two-headed ogre misses you.
You barely miss the two-headed ogre. You puncture the two-headed ogre!
You freeze the two-headed ogre.
The two-headed ogre is moderately wounded.
The two-headed ogre hits you with a +0 giant spiked club.
The two-headed ogre hits you with a +0 giant club!!
You puncture the two-headed ogre! You freeze the two-headed ogre.
The two-headed ogre is heavily wounded.
You can now pass through a line of other dancers.
You closely miss the two-headed ogre.
The two-headed ogre is heavily wounded.
The two-headed ogre hits you with a +0 giant spiked club!
The two-headed ogre barely misses you.
You barely miss the two-headed ogre.
The two-headed ogre is heavily wounded.
Unknown command.
You hit the two-headed ogre. You freeze the two-headed ogre.
The two-headed ogre is severely wounded.
The two-headed ogre hits you with a +0 giant spiked club!!
* * * LOW HITPOINT WARNING * * *
The two-headed ogre hits you with a +0 giant club!
You die...

#≈............ #
#≈............ # :
#≈............ .#.
#≈............ #(#
#≈≈.......>...
...###≈≈..........
##.##≈##≈..........
#.O.#≈≈#≈..........
##@##≈≈≈≈..........
#.≈.#≈.............
##.##≈....[........
#.#≈≈.............
##'##≈≈............
#≈≈≈##≈............
#≈≈#≈≈#≈............
.≈≈≈###≈≈≈............
##..# #####...<.......


You could see a two-headed ogre.

Vanquished Creatures
  A two-headed ogre (D:7)
  Grinder (D:3)
  Sigmund (D:3)
  An orc warrior (D:7)
  2 ice beasts
  A sky beast (D:6)
  An ogre (D:4)
  A centaur (D:6)
  2 bullfrogs
  2 scorpions
  5 wights
  A howler monkey (D:5)
  2 orc priests
  4 hounds
  3 jellies
  3 gnoll shamans
  Jessica (D:3)
  4 iguanas
  Terence (D:3)
  3 orc wizards
  Robin (D:3)
  19 gnolls
  11 adders
  2 white imps
  2 ufetubi (D:5)
  5 worms
  2 dart slugs
  17 orcs
  6 ball pythons
  7 endoplasms
  2 giant cockroaches (D:3)
  14 goblins
  9 hobgoblins
  3 quokkas
  3 bats
  2 frilled lizards
  3 kobolds
  3 rats
151 creatures vanquished.

Vanquished Creatures (collateral kills)
  A goblin (D:1)
1 creature vanquished.

Grand Total: 152 creatures vanquished

Notes
Turn   | Place    | Note
-------+----------+-------------------------------------------
     0 | D:1      | HendSelp the Human Monk began the quest for the Orb.
     0 | D:1      | Reached XP level 1. HP: 18/18 MP: 1/1
   197 | D:1      | Reached XP level 2. HP: 20/24 MP: 2/2
   408 | D:1      | Found Xozudaf's Weapon Boutique.
   772 | D:1      | Found a faded altar of an unknown god.
  1157 | D:2      | Reached skill level 4 in Maces & Flails
  1157 | D:2      | Reached XP level 3. HP: 21/29 MP: 3/3
  1187 | D:2      | Reached XP level 4. HP: 10/35 MP: 4/4
  2092 | D:3      | Noticed Grinder
  2093 | D:3      | Noticed Robin
  2157 | D:3      | Reached skill level 5 in Maces & Flails
  2333 | D:3      | Reached XP level 5. HP: 34/41 MP: 5/5
  2378 | D:3      | Paralysed by Grinder for 3 turns
  2386 | D:3      | Paralysed by Grinder for 2 turns
  2398 | D:3      | Killed Grinder
  2399 | D:3      | Reached skill level 6 in Maces & Flails
  2399 | D:3      | Reached XP level 6. HP: 9/47 MP: 6/6
  2675 | D:3      | Killed Robin
  2676 | D:3      | Reached skill level 7 in Maces & Flails
  2681 | D:3      | Noticed Terence
  2695 | D:3      | Killed Terence
  2927 | D:3      | Noticed Sigmund
  2962 | D:3      | Killed Sigmund
  2963 | D:3      | Reached XP level 7. HP: 36/52 MP: 7/7
  3148 | D:3      | Reached skill level 8 in Maces & Flails
  3294 | D:3      | Noticed Jessica
  3307 | D:3      | Killed Jessica
  4265 | D:3      | Reached skill level 1 in Armour
  4833 | D:4      | Reached XP level 8. HP: 49/58 MP: 8/8
  5522 | D:5      | Entered Level 5 of the Dungeon
  5525 | D:5      | Reached skill level 9 in Maces & Flails
  5607 | D:5      | You fall into a shaft and drop 3 floors!
  6085 | D:5      | Reached XP level 9. HP: 33/63 MP: 9/9
  6237 | D:5      | Found a staircase to the Ecumenical Temple.
  6298 | Temple   | Entered the Ecumenical Temple
  6423 | Temple   | Became a worshipper of Uskayaw the Reveller
  6423 | Temple   | Reached * piety under Uskayaw
  6931 | D:5      | Reached ** piety under Uskayaw
  6932 | D:5      | Reached skill level 10 in Maces & Flails
  7000 | D:5      | Found a blossoming altar of Fedhas.
  7001 | D:5      | Found a bloodstained altar of Trog.
  7395 | D:6      | Reached skill level 5 in Armour
  7397 | D:6      | Reached *** piety under Uskayaw
  7399 | D:6      | Reached **** piety under Uskayaw
  7404 | D:6      | Reached ***** piety under Uskayaw
  7589 | D:6      | Reached skill level 11 in Maces & Flails
  8389 | D:7      | Noticed a two-headed ogre
  8397 | D:7      | Killed a two-headed ogre
  8398 | D:7      | Reached skill level 12 in Maces & Flails
  8398 | D:7      | Reached XP level 10. HP: 29/70 MP: 10/10
  8957 | D:7      | Noticed a two-headed ogre
  8967 | D:7      | Slain by a two-headed ogre

Illustrated notes

Levels and vault maps discovered:
D:1:      dpeg_arrival_long_road, layout_loops_ring, serial_shops,
          nicolae_shop_bloodbath_and_beyond, shapermc_ecumenical_altar_petra,
          minmay_surrounded
D:2:      layout_loops_cross, minmay_octomino_c4
D:3:      layout_rooms, kennysheep_jessica_study, uniq_grinder, uniq_robin,
          uniq_terence, uniq_sigmund
D:4:      layout_cave_pods, minmay_cupped
D:5:      layout_basic, gammafunk_temple_overflow_pools,
          minmay_temple_entry_ruins, minmay_misc_feat_five
D:6:      layout_cave_pools, serial_park, serial_park_avenue1,
          serial_park_gazebo [serial_park_minivault_5x5_7], serial_park_avenue1,
          serial_park_square2
D:7:      layout_layer_cave, minmay_manual_mullet
D:8:      layout_cave_pools, serial_column_ruins, column_ruins_open_medium,
          column_ruins_open_tiny, column_ruins_open_tiny,
          chequers_serial_rivers_small_b
Temple:   mainiacjoe_temple_big_plus

Skill      XL: |  1  2  3  4  5  6  7  8  9 |
---------------+----------------------------+-----
Maces & Flails | 4 5 6 7 8 9 12 | 12.1
Armour         | 2 4 6 |  6.2
Fighting       | |  3.0
Dodging        | |  3.0
Stealth        | |  2.0

Action                   |  1- 3 |  4- 6 |  7- 9 | 10-12 || total
-------------------------+-------+-------+-------+-------++-------
Melee: Mace              |    67 |    46 |       |       ||   113
       Flail             |       |    59 |   154 |       ||   213
       Punch             |       |       |     1 |       ||     1
       Dire flail        |       |       |   139 |    10 ||   149
Throw: Throwing net      |       |       |     1 |     1 ||     2
  Use: Scroll            |     6 |     5 |    14 |       ||    25
       Potion            |     1 |     4 |     1 |       ||     6
 Stab: Sleeping          |     2 |     1 |     1 |       ||     4
       Distracted        |       |     1 |       |       ||     1
       Paralysed         |       |       |     7 |       ||     7
       Held in net/web   |       |       |     2 |       ||     2
Armor: Robe              |    15 |    19 |       |       ||    34
       Ring mail         |       |       |   131 |     1 ||   132
Dodge: Dodged            |    65 |    47 |   179 |     6 ||   297

Table legend: (Time is in decaauts)
 A = Elapsed time spent in this place.
 B = Non-inter-level travel time spent in this place.
 C = Inter-level travel time spent in this place.
 D = Time resting spent in this place.
 E = Time spent auto-exploring this place.
 F = Levels seen in this place.
 G = Mean time per level.
                   A        B        C        D        E       F      G
               +--------+--------+--------+--------+--------+-----+--------+
         Total |   8944 |   8520 |    424 |    781 |   6446 |   9 |  993.8 |
       Dungeon |   8514 |   8124 |    390 |    781 |   6057 |   8 | 1064.2 |
        Temple |    429 |    396 |     33 |      0 |    389 |   1 |  429.0 |
               +--------+--------+--------+--------+--------+-----+--------+

Top non-repeatable levels by time:
     D:3: 2163 daAuts
     D:2: 1457 daAuts
     D:7: 1198 daAuts
     D:4: 985 daAuts
     D:5: 966 daAuts
     D:1: 918 daAuts
     D:6: 607 daAuts
  Temple: 429 daAuts
     D:8: 216 daAuts
